 Dungeon Crawl Stone Soup version 0.27-a0-287-gd4424db430 (webtiles) character file.

Game seed: 1591070183813909538

32 skwiii the Digger (level 3, -6/19 HPs)
             Began as a Gargoyle Earth Elementalist on Feb 7, 2021.
             Mangled by a worm (8 damage)
             ... on level 2 of the Dungeon on Feb 9, 2021.
             The game lasted 00:05:42 (1459 turns).

skwiii the Digger (Gargoyle Earth Elementalist)     Turns: 1459, Time: 00:05:42

Health: -6/19      AC:  5    Str: 11    XL:     3   Next: 25%
Magic:  1/6        EV: 12    Int: 16    God:
Gold:   117        SH:  0    Dex: 10    Spells: 5/6 levels left

rFire    . . .     SeeInvis .   (no weapon)
rCold    . . .     Faith    .   (no shield)
rNeg     + . .     Spirit   .   c - +0 robe
rPois    ∞         Reflect  .   (no helmet)
rElec    +         Harm     .   (no cloak)
rCorr    .         Rampage  .   (no gloves)
Will     .....                  (no boots)
Stlth    ++........             (no amulet)
HPRegen  0.06/turn              (no ring)
MPRegen  0.10/turn              (no ring)

@: no status effects
A: negative energy resistance 1, electricity resistance, unbreathing,
petrification resistance, miasma immunity, AC +3
a: no special abilities


You were on level 2 of the Dungeon.
You visited 1 branch of the dungeon, and saw 2 of its levels.

You collected 117 gold pieces.

Inventory:

Missiles
 b - 84 stones
Armour
 c - a +0 robe (worn)
 k - a +0 cloak
Jewellery
 e - an uncursed ring of see invisible {unknown}
Scrolls
 a - a scroll of blinking {unknown}
 d - 4 scrolls of identify {unknown}
 f - a scroll of random uselessness {unknown}
 h - a scroll of remove curse {unknown}
 j - a scroll of amnesia {unknown}
 l - a scroll of enchant armour {unknown}
Potions
 g - a potion of magic {unknown}
 i - a potion of degeneration {unknown}


   Skills:
 - Level 1.5 Dodging
 - Level 2.3 Stealth
 + Level 2.4 Spellcasting
 - Level 0.7 Transmutations
 * Level 4.7 Earth Magic


You had 5 spell levels left.
You knew the following spells:

 Your Spells              Type           Power        Failure   Level
a - Sandblast             Erth           32%          3%          1

Your spell library contained the following spells:

 Spells                   Type           Power        Failure   Level
 Passwall                 Tmut/Erth      8%           10%         2
 Stone Arrow              Conj/Erth      18%          22%         3
 Petrify                  Tmut/Erth      10%          54%         4
 Lee's Rapid Deconstruct  Erth           8%           63%         5


Dungeon Overview and Level Annotations

Branches:
Dungeon (2/15)

Altars:


Innate Abilities, Weirdness & Mutations

You are resistant to torment.
Your stone body is resilient. (AC +3)
You are immune to poison.
You resist negative energy. (rN+)
You are resistant to electric shocks. (rElec)
You can survive without breathing.
You are immune to petrification.
You are immune to miasma.


Message History

You hit the worm but do no damage.
The worm is severely wounded.
The adder bites you.
* * * LOW HITPOINT WARNING * * *
The worm bites you but does no damage.
You hit the worm but do no damage.
The worm is severely wounded.
The adder closely misses you.
You hit the worm but do no damage.
The worm is severely wounded.
The adder misses you. The worm bites you but does no damage.
The adder bites you but does no damage.
You completely miss the worm.
The worm is severely wounded.
The adder bites you.
* * * LOW HITPOINT WARNING * * *
You barely miss the worm.
The worm is severely wounded.
The adder barely misses you. The worm bites you!
You die...

#.....#
#.
##.###..#
#.# .##
#.# # #.#
#.# #.#
#w# #@#
#S# #.#
#># ..#
....
.....
......!
........


You could see a worm and an adder.

Vanquished Creatures
  An adder (D:2)
  An ooze (D:1)
  A leopard gecko (D:1)
  3 goblins (D:1)
  2 hobgoblins (D:1)
  3 bats (D:1)
  3 frilled lizards
  2 kobolds (D:1)
  4 rats (D:1)
20 creatures vanquished.

Notes
Turn   | Place    | Note
-------+----------+-------------------------------------------
     0 | D:1      | skwiii the Gargoyle Earth Elementalist began the quest for
                  | the Orb.
     0 | D:1      | Reached XP level 1. HP: 10/10 MP: 3/3
   276 | D:1      | Reached skill level 4 in Earth Magic
   276 | D:1      | Reached XP level 2. HP: 6/15 MP: 1/5
  1398 | D:2      | Reached XP level 3. HP: 19/19 MP: 3/6
  1398 | D:2      | Upgraded the game from 0.27-a0-279-gdfb9265905 to
                  | 0.27-a0-287-gd4424db430
  1459 | D:2      | Mangled by a worm

Illustrated notes

Levels and vault maps discovered:
D:1:      matt_arrival_grand_opening, layout_basic,
          chequers_serial_rivers_large_b, minmay_hedge_maze
D:2:      layout_rooms

Skill      XL: |  1 |
---------------+----+-----
Earth Magic    | 4 |  4.7
Dodging        | |  1.5
Stealth        | |  2.3
Spellcasting   | |  2.4
Transmutations | |  0.7

Action                   || total
-------------------------++-------
Melee: Unarmed           ||    23
 Cast: Sandblast         ||    32
Armor: Robe              ||    17
Dodge: Dodged            ||    33

Table legend: (Time is in decaauts)
 A = Elapsed time spent in this place.
 B = Non-inter-level travel time spent in this place.
 C = Inter-level travel time spent in this place.
 D = Time resting spent in this place.
 E = Time spent auto-exploring this place.
 F = Levels seen in this place.
 G = Mean time per level.
                   A        B        C        D        E       F      G
               +--------+--------+--------+--------+--------+-----+--------+
         Total |   1487 |   1425 |     62 |    200 |    862 |   2 |  743.5 |
       Dungeon |   1487 |   1425 |     62 |    200 |    862 |   2 |  743.5 |
               +--------+--------+--------+--------+--------+-----+--------+

Top non-repeatable levels by time:
     D:1: 1421 daAuts
     D:2: 65 daAuts
